 Dungeon Crawl Stone Soup version 0.29-a0-555-g3b24f45cc1 (webtiles) character file.

Game seed: 9483965990190730982

3271 vineage the Fighter (level 10, -18/68 HPs)
             Began as a Gargoyle Fighter on June 7, 2022.
             Was a Priest of Okawaru.
             Demolished by a very large slime creature (44 damage)
             ... on level 7 of the Dungeon.
             The game lasted 00:08:53 (9212 turns).

vineage the Fighter (Gargoyle Fighter)              Turns: 9212, Time: 00:08:54

Health: -18/68     AC: 21    Str: 23    XL:     10   Next: 0%
Magic:  10/10      EV:  9    Int:  8    God:    Okawaru [***...]
Gold:   274        SH:  5    Dex: 11    Spells: 9/9 levels left

rFire   . . .      SeeInvis +   r - +2 flail (protect)
rCold   . . .      Faith    .   c - +0 buckler
rNeg    + + .      Spirit   .   n - +1 scale mail {rN+}
rPois   ∞          Reflect  .   (no helmet)
rElec   +          Harm     .   m - +0 cloak
rCorr   .          Rampage  .   g - +0 pair of gloves
Will    +....                   (no boots)
Stlth   ..........              (no amulet)
HPRegen 0.21/turn               f - ring of willpower
MPRegen 0.12/turn               p - ring of see invisible

@: no status effects
A: sickness immunity, AC +7, negative energy resistance 1, electricity
resistance, torment resistance 1, petrification resistance, iridescent scales 1,
shaggy fur 1
a: Renounce Religion, Heroism


You were on level 7 of the Dungeon.
You worshipped Okawaru.
Okawaru was most pleased with you.
You visited 2 branches of the dungeon, and saw 8 of its levels.

You collected 274 gold pieces.

Inventory:

Hand Weapons
 r - a +2 flail of protection (weapon)
Armour
 c - a +0 buckler (worn)
 g - a +0 pair of gloves (worn)
 m - a +0 cloak (worn)
 n - a +1 scale mail of positive energy (worn)
Jewellery
 e - a ring of magical power
 f - a ring of willpower (left hand)
 p - a ring of see invisible (right hand)
Scrolls
 s - a scroll of fog {unknown}
Potions
 a - a potion of magic {unknown}
 b - a potion of haste {unknown}
 d - a potion of might
 h - 2 potions of mutation
 i - a potion of brilliance
 j - 2 potions of curing
 k - a potion of attraction
 l - 2 potions of degeneration {unknown}
 o - a potion of cancellation
 q - 2 potions of ambrosia {unknown}


   Skills:
 * Level 10.1 Fighting
 + Level 6.4 Maces & Flails
 + Level 7.5 Armour
 + Level 7.5 Shields


You had 9 spell levels left.
You didn't know any spells.
Your spell library contained the following spells:

 Spells                   Type           Power      Damage    Failure   Level
 Dazzling Flash           Conj/Hex       0%         N/A       98%         3
 Agony                    Necr           0%         N/A       100%        5
 Silence                  Hex/Air        0%         N/A       100%        5


Dungeon Overview and Level Annotations

Branches:
Dungeon (7/15)             Temple (1/1) D:5

Altars:
Ashenzari
Cheibriados
Dithmenos
Gozag
Hepliaklqana
Kikubaaqudgha
Nemelex Xobeh
Okawaru
Qazlal
Ru
Sif Muna
Trog
Uskayaw
Vehumet
Wu Jian
Xom
Yredelemnul
Zin
The Shining One

Shops:
D:6 :(


Innate Abilities, Weirdness & Mutations

You are immune to sickness and miasma.
Your stone body is resilient. (AC +7)
You are immune to poison.
You resist negative energy. (rN+)
You are resistant to electric shocks. (rElec)
You are resistant to unholy torment.
You are immune to petrification.
You are partially covered in iridescent scales. (AC +2)
You are covered in fur. (AC +1)


Message History

The orc priest is heavily wounded.
The orc priest invokes the aid of Beogh against you.
Beogh smites you!
You hit the orc priest but do no damage.
The orc priest is heavily wounded.
The orc priest barely misses you.
You hit the orc priest.
The orc priest is severely wounded.
The orc priest hits you with a +0 club.
You thump the orc priest!
You kill the orc priest!
Okawaru accepts your kill.
Okawaru will now gift you ammunition as you gain piety.
You have reached level 10!
Items here: ))) [[ ††.
Things that are here:
a +0 dagger; an orc corpse
s - a scroll labelled RUGRES YCLO You see here a ring of poison resistance.
You open the door. 3 slime creatures come into view.
The slime creature quivers.
Found an emerald potion and a fuming red potion.
There are monsters nearby!
A slime creature comes into view.
The slime creature quivers.
There is an open door here.
A slime creature comes into view.
The slime creature hits you!
There is an open door here.
The slime creature attacks as you move away!
You block the slime creature's attack.
Two slime creatures merge to form a large slime creature.
Two slime creatures merge to form a very large slime creature.
The very large slime creature attacks as you move away!
The very large slime creature hits you!!
The very large slime creature attacks as you move away!
The very large slime creature hits you!!!
Ouch! That really hurt!
You die...

#........######
#.######.#....# #.#
#.#)##.# #.######.#)##.#
..######........=....#
............)##...#..#
...#####.....##...#..#
#..........#..#
##..J.J.J@....#
##.########.######### #.#
#..........# ##J##
#..#######.# #..!# #..#
#.# #...!.# ##..##### #.#
#.......# #.......# #.#
#.........####...##.# #.#
+.........+.......#<###.#


You could see a very large slime creature and 2 slime creatures.

Vanquished Creatures
  Maggie (D:6)
  Prince Ribbit (D:6)
  4 yaks (D:7)
  Menkaure (D:4)
  Edmund (D:6)
  A water moccasin (D:5)
  Duvessa (D:4)
  3 black bears
  2 ice beasts
  2 centaurs
  Blork the orc (D:6)
  3 necrophages
  A scorpion (D:6)
  Dowan (D:4)
  A jelly (D:6)
  A gnoll shaman (D:5)
  5 orc priests
  3 hounds
  3 iguanas (D:6)
  Natasha (thrice) (D:4)
  6 orc wizards
  9 gnolls
  9 adders
  An ufetubus (D:5)
  2 worms
  5 dart slugs
  17 orcs
  6 ball pythons
  2 bat zombies (D:6)
  9 endoplasms
  3 giant cockroaches (D:2)
  8 hobgoblins
  2 jackals (D:4)
  4 kobolds
  3 quokkas
  2 training dummies (D:4)
  6 bats
  3 frilled lizards
  7 goblins
  7 rats
  A rat zombie (D:6)
151 creatures vanquished.

Vanquished Creatures (others)
  A fungus (D:7)
1 creature vanquished.

Grand Total: 152 creatures vanquished

Notes
Turn   | Place    | Note
-------+----------+-------------------------------------------
     0 | D:1      | vineage the Gargoyle Fighter began the quest for the Orb.
     0 | D:1      | Reached XP level 1. HP: 14/14 MP: 1/1
   344 | D:1      | Reached XP level 2. HP: 4/19 MP: 2/2
   996 | D:1      | Found a faded altar of an unknown god.
  1048 | D:1      | Reached XP level 3. HP: 7/24 MP: 3/3
  1520 | D:2      | Reached skill level 4 in Fighting
  1801 | D:2      | Reached XP level 4. HP: 25/29 MP: 4/4
  2191 | D:2      | Gained mutation: You are covered in fur. (AC +1) [potion of
                  | mutation]
  2191 | D:2      | Gained mutation: You are partially covered in iridescent
                  | scales. (AC +2) [potion of mutation]
  2712 | D:3      | Found a shadowy altar of Dithmenos.
  2865 | D:3      | Reached XP level 5. HP: 33/34 MP: 5/5
  3114 | D:3      | Found a stormy altar of Qazlal.
  3256 | D:4      | Noticed Menkaure
  3266 | D:4      | Killed Menkaure
  3267 | D:4      | Reached skill level 5 in Fighting
  3267 | D:4      | Reached XP level 6. HP: 22/40 MP: 6/6
  3473 | D:4      | Noticed Natasha
  3485 | D:4      | Killed Natasha
  4082 | D:4      | Noticed Natasha
  4097 | D:4      | Killed Natasha
  4125 | D:4      | Noticed Duvessa
  4125 | D:4      | Noticed Dowan
  4132 | D:4      | Killed Duvessa
  4133 | D:4      | Reached skill level 6 in Fighting
  4133 | D:4      | Reached XP level 7. HP: 22/46 MP: 7/7
  4152 | D:4      | Killed Dowan
  4153 | D:4      | Reached skill level 5 in Armour
  4461 | D:4      | Reached skill level 5 in Shields
  4974 | D:4      | Found a basalt altar of Yredelemnul.
  4980 | D:4      | Found a shimmering blue altar of Sif Muna.
  4991 | D:4      | Noticed Natasha
  5003 | D:4      | Killed Natasha
  5136 | D:5      | Entered Level 5 of the Dungeon
  5469 | D:5      | Reached XP level 8. HP: 52/52 MP: 8/8
  5525 | D:5      | Reached skill level 7 in Fighting
  6135 | D:5      | Found a staircase to the Ecumenical Temple.
  6269 | Temple   | Entered the Ecumenical Temple
  6478 | Temple   | Became a worshipper of Warmaster Okawaru
  6855 | D:6      | Reached skill level 5 in Maces & Flails
  6859 | D:6      | Reached skill level 8 in Fighting
  7294 | D:6      | Found Mefami Uqeo's Book Boutique.
  7347 | D:6      | Found a bloodstained altar of Trog.
  7389 | D:6      | Found a glowing silver altar of Zin.
  7398 | D:6      | Reached * piety under Okawaru
  7399 | D:6      | Reached XP level 9. HP: 60/60 MP: 9/9
  7404 | D:6      | Noticed Prince Ribbit
  7432 | D:6      | Killed Prince Ribbit
  7483 | D:6      | Found a radiant altar of Vehumet.
  7484 | D:6      | Noticed Edmund
  7496 | D:6      | Killed Edmund
  7838 | D:6      | Noticed Blork the orc
  7847 | D:6      | Killed Blork the orc
  7848 | D:6      | Reached skill level 9 in Fighting
  7975 | D:6      | Found an ancient bone altar of Kikubaaqudgha.
  8158 | D:6      | Noticed Maggie
  8183 | D:6      | HP: 3/60 [Maggie/bolt of fire (10)]
  8190 | D:6      | Killed Maggie
  8190 | D:6      | Reached ** piety under Okawaru
  8574 | D:6      | Found Naiguriong's Antique Weapon Shop.
  9031 | D:7      | Reached skill level 10 in Fighting
  9109 | D:7      | Reached *** piety under Okawaru
  9110 | D:7      | Reached XP level 10. HP: 56/68 MP: 10/10
  9212 | D:7      | Demolished by a very large slime creature

Illustrated notes

Levels and vault maps discovered:
D:1:      minmay_arrival_up_and_down, layout_basic,
          dreamdust_ecumenical_altar_statues
D:2:      layout_basic, grunt_decor_clamped
D:3:      layout_rooms, mainiacjoe_overflow_swirl, kennysheep_generic_room_16
D:4:      dreamdust_elfheim, layout_basic, mainiacjoe_overflow_big_doors,
          uniq_natasha, uniq_menkaure
D:5:      layout_loops_ring, minmay_temple_entry_overgrown
D:6:      layout_basic, trog_three_pillars_becter,
          nicolae_overflow_crystal_walls, zin_treasury,
          lemuel_zombie_altar_kikubaaqudgha, serial_shops,
          nicolae_take_the_stairs, nicolae_shop_behind_doors, serial_curves,
          eino_curves_02, eino_curves_02, uniq_blork_the_orc, uniq_edmund,
          uniq_maggie, uniq_prince_ribbit1
D:7:      layout_loops_corners, nicolae_elyvilon_peaceful_grove,
          dreamdust_gnoll_farm
Temple:   minmay_temple_curvy_loop

Skill      XL: |  1  2  3  4  5  6  7  8  9 |
---------------+----------------------------+-----
Fighting       | 4 5 6 8 10 | 10.1
Armour         | 4 5 6 7 |  7.5
Shields        | 4 5 6 7 |  7.5
Maces & Flails | 3 4 5 6 |  6.4

Action                   |  1- 3 |  4- 6 |  7- 9 | 10-12 || total
-------------------------+-------+-------+-------+-------++-------
Melee: Flail             |   120 |   162 |   405 |       ||   687
Invok: Heroism           |       |       |     2 |       ||     2
  Use: Scroll            |     1 |     7 |     7 |       ||    15
       Potion            |       |     4 |     3 |       ||     7
Armor: Scale mail        |    71 |   108 |   285 |       ||   464
Dodge: Dodged            |    65 |    86 |   194 |       ||   345
Block: Buckler           |    19 |    34 |   103 |     1 ||   157

Table legend: (Time is in decaauts)
 A = Elapsed time spent in this place.
 B = Non-inter-level travel time spent in this place.
 C = Inter-level travel time spent in this place.
 D = Time resting spent in this place.
 E = Time spent auto-exploring this place.
 F = Levels seen in this place.
 G = Mean time per level.
                   A        B        C        D        E       F      G
               +--------+--------+--------+--------+--------+-----+--------+
         Total |   9385 |   9093 |    292 |   1901 |   5734 |   8 | 1173.1 |
       Dungeon |   9157 |   8893 |    264 |   1901 |   5539 |   7 | 1308.1 |
        Temple |    227 |    199 |     28 |      0 |    195 |   1 |  227.0 |
               +--------+--------+--------+--------+--------+-----+--------+

Top non-repeatable levels by time:
     D:4: 2046 daAuts
     D:5: 1810 daAuts
     D:6: 1579 daAuts
     D:1: 1495 daAuts
     D:2: 1045 daAuts
     D:3: 662 daAuts
     D:7: 518 daAuts
  Temple: 227 daAuts
